 Dungeon Crawl Stone Soup version 0.24.0-123-gd5b16e6ec5 (webtiles) character file.

Game seed: 15040817446114283104, levelgen mode: deterministic

141558 FishyPogo the Warrior (level 17, -1/117 HPs)
             Began as a Gargoyle Gladiator on Jan 2, 2020.
             Was the Champion of Makhleb.
             Slain by the 27-headed Lernaean hydra (8 damage)
             ... on level 4 of the Swamp.
             The game lasted 01:38:09 (21332 turns).

FishyPogo the Warrior (Gargoyle Gladiator)         Turns: 21332, Time: 01:38:10

Health: -1/117     AC: 46    Str: 26    XL:     17   Next: 33%
Magic:  21/21      EV: 15    Int: 14    God:    Makhleb [******]
Gold:   1008       SH:  6    Dex: 16    Spells: 15/16 levels left

rFire    . . .     SeeInvis +   b - +8 mace (crush)
rCold    + + +     Gourm    .   V - +1 buckler of Bedevilment {rCorr}
rNeg     + . .     Faith    +   B - +6 plate armour of Courage {-Cast rElec rC+++ Stlth-}
rPois    ∞         Spirit   .   P - +0 mask of the Dragon {MR+ Slay+3 SInv}
rElec    +         Reflect  .   p - +2 cloak of the Gusle {Str+2}
rCorr    +         Harm     .   l - +2 pair of gloves {archery}
MR       +++..     NoCast   +   L - +1 pair of boots of the Wumpus {Int+4}
Stlth    ..........             M - amulet of faith
HPRegen  0.29/turn              F - +3 ring of slaying
MPRegen  0.17/turn              w - ring of protection from magic

@: agile, flying, very slightly contaminated, invisible
A: big wings, negative energy resistance 1, electricity resistance, unbreathing,
petrification resistance, rot immunity, AC +12
a: Stop Flying, Minor Destruction, Lesser Servant of Makhleb, Major Destruction,
Greater Servant of Makhleb, Renounce Religion


You were on level 4 of the Swamp.
You worshipped Makhleb.
Makhleb was exalted by your worship.
You were full.

You visited 5 branches of the dungeon, and saw 28 of its levels.
You also visited: Gauntlet.

You collected 2628 gold pieces.
You spent 1620 gold pieces at shops.

Inventory:

Hand Weapons
 a - the +11 war axe of Piruc {venom, *Slow rElec Int+2 Dex+2}
   (You bought it in a shop on level 5 of the Dungeon)

   It poisons the flesh of those it strikes.
   It affects your intelligence (+2).
   It affects your dexterity (+2).
   It insulates you from electricity.
   It may slow you when you take damage.
 b - a +8 mace of crushing (weapon)
 n - the +10 dark maul {crush}
   (You took it off a minotaur in a Gauntlet)

   It inflicts extra damage upon your enemies.
Missiles
 d - 2 throwing nets
 m - 2 silver javelins
 u - 56 poisoned darts
 I - 21 javelins
 W - 9 boomerangs (quivered)
Armour
 h - the +2 helmet of Catatonia {rElec Regen+}
   (You bought it in a shop on level 2 of the Orcish Mines)

   It insulates you from electricity.
   It increases your rate of regeneration.
 l - a +2 pair of gloves of archery (worn)
 p - the +2 cloak of the Gusle (worn) {Str+2}
   (You found it in a Gauntlet)

   It affects your strength (+2).
 B - the +6 plate armour of Courage (worn) {-Cast rElec rC+++ Stlth-}
   (You found it on level 13 of the Dungeon)

   It renders you almost immune to cold.
   It insulates you from electricity.
   It prevents spellcasting.
   It makes you less stealthy.
 L - the +1 pair of boots of the Wumpus (worn) {Int+4}
   (You found it on level 1 of the Lair of Beasts)

   It affects your intelligence (+4).
 P - the +0 mask of the Dragon (worn) {MR+ Slay+3 SInv}
   (You found it on level 1 of the Swamp)

   It affects your accuracy and damage with ranged weapons and melee attacks
   (+3).
   It affects your resistance to hostile enchantments.
   It lets you see invisible.
 V - the +1 buckler of Bedevilment (worn) {rCorr}
   (You bought it in a shop on level 2 of the Orcish Mines)

   It provides partial protection from all sources of acid and corrosion.
Jewellery
 w - a ring of protection from magic (right hand)
 D - an uncursed ring of protection from fire
 F - a +3 ring of slaying (left hand)
 J - an uncursed amulet of the gourmand
 M - an amulet of faith (around neck)
 S - the ring "Qaunoc" {+Blink +Fly}
   (You found it in a Gauntlet)

   [ring of flight]

   It lets you fly.
   It lets you blink.
Wands
 v - a wand of scattershot (4)
 H - a wand of acid (19)
 O - a wand of flame (29)
 R - a wand of clouds (9)
 Z - a wand of iceblast (15)
Scrolls
 c - 2 scrolls of fear
 g - 7 scrolls of identify
 i - 3 scrolls of magic mapping
 j - 3 scrolls of enchant weapon
 o - 12 scrolls of remove curse
 s - 7 scrolls of teleportation
 t - 4 scrolls of blinking
 y - a scroll of enchant armour
 E - a scroll of summoning
 Y - a scroll of immolation
Potions
 e - a potion of magic
 k - 4 potions of might
 q - 6 potions of agility
 r - 5 potions of flight
 x - 4 potions of heal wounds
 A - 8 potions of curing
 C - 4 potions of resistance
 G - a potion of cancellation
 Q - 2 potions of lignification
 T - 5 potions of brilliance
 U - 2 potions of haste
 X - a potion of mutation
Comestibles
 f - 43 rations
 z - 12 chunks of flesh


   Skills:
 * Level 17.2 Fighting
 - Level 15.6(16.3) Axes
 + Level 9.3(14.1) Maces & Flails
 - Level 2.0 Throwing
 + Level 16.0 Armour
 - Level 3.0 Dodging
 - Level 5.0 Stealth
 - Level 4.0 Shields
 + Level 6.0 Invocations


You had 15 spell levels left.
You knew the following spells:

 Your Spells              Type           Power        Failure   Level  Hunger
a - Beastly Appendage     Tmut           #.....       88%         1    ##.....

Your spell library contained the following spells:

 Spells                   Type           Power        Failure   Level  Hunger
 Corona                   Hex            #......      88%         1    ##.....
 Shock                    Conj/Air       #...         88%         1    ##.....
 Blink                    Tloc           N/A          95%         2    ###....
 Ensorcelled Hibernation  Hex/Ice        #.....       95%         2    ###....
 Shroud of Golubria       Chrm/Tloc      #.....       95%         2    ###....
 Sticks to Snakes         Tmut           #.......     95%         2    ###....
 Swiftness                Chrm/Air       #.......     95%         2    ###....
 Confuse                  Hex            #.......     99%         3    ####...
 Dazzling Spray           Conj/Hex       #.....       99%         3    ####...
 Gell's Gravitas          Tloc           #.........   99%         3    ####...
 Lesser Beckoning         Tloc           #.........   99%         3    ####...
 Ozocubu's Armour         Chrm/Ice       #.......     99%         3    ####...
 Spider Form              Tmut/Pois      #.........   99%         3    ####...
 Static Discharge         Conj/Air       #.......     99%         3    ####...
 Teleport Other           Tloc           #.......     99%         3    ####...
 Tukima's Dance           Hex            #.......     99%         3    ####...
 Airstrike                Air            #.........   100%        4    #####..
 Ice Form                 Ice/Tmut       #.......     100%        4    #####..
 Leda's Liquefaction      Hex/Erth       #.........   100%        4    #####..
 Passage of Golubria      Tloc           N/A          100%        4    #####..
 Blade Hands              Tmut           #.........   100%        5    ######.
 Bolt of Magma            Conj/Fire/Erth #.........   100%        5    ######.
 Lightning Bolt           Conj/Air       #.........   100%        5    ######.
 Metabolic Englaciation   Hex/Ice        #.........   100%        5    ######.
 Bolt of Cold             Conj/Ice       #.........   100%        6    #######
 Freezing Cloud           Conj/Ice/Air   #.........   100%        6    #######
 Iron Shot                Conj/Erth      #.........   100%        6    #######
 Ozocubu's Refrigeration  Ice            #.........   100%        6    #######
 Poison Arrow             Conj/Pois      #.........   100%        6    #######
 Simulacrum               Ice/Necr       #.........   100%        6    #######
 Chain Lightning          Conj/Air       #.........   100%        8    #######
 Lehudib's Crystal Spear  Conj/Erth      #.........   100%        8    #######
 Fire Storm               Conj/Fire      #.........   100%        9    #######
 Glaciate                 Conj/Ice       #.........   100%        9    #######
 Shatter                  Erth           #.........   100%        9    #######
 Statue Form              Tmut/Erth      Unusable     N/A         6    N/A

Dungeon Overview and Level Annotations

Branches:
Dungeon (15/15)            Temple (1/1) D:7            Lair (6/6) D:9
  Swamp (4/4) Lair:3       Spider (0/4) Lair:4        Slime (0/5) Lair:5
    Orc (2/2) D:10            Elf (0/3) Orc:2        Vaults (0/5) D:14
Gauntlet (visited)
 Depths: D:15

Altars:
Ashenzari
Cheibriados
Dithmenos
Elyvilon
Fedhas
Hepliaklqana
Makhleb
Okawaru
Qazlal
Ru
Sif Muna
Trog
Uskayaw
Vehumet
Wu Jian
Xom
Zin
The Shining One
Beogh

Shops:
D:5 ((*!   D:7 =   Orc:2 %[*(

Annotations:
Swamp:4 Lernaean hydra


Innate Abilities, Weirdness & Mutations

You are resistant to torment.
Your stone body is resilient. (AC +12)
You are immune to poison.
Your large and strong wings let you fly indefinitely.
You resist negative energy. (rN+)
You are resistant to electric shocks. (rElec)
You can survive without breathing.
You are immune to petrification.
You are immune to rotting.


Message History

The five-headed hydra closely misses you.
The five-headed hydra completely misses you.
The five-headed hydra misses you.
Your smoke demon barely misses the 27-headed Lernaean hydra. x2
Your smoke demon hits the 27-headed Lernaean hydra.
You are very lightly contaminated with residual magic.
Unknown command.
Unknown command.
Unknown command.
The 27-headed Lernaean hydra bites you but does no damage. x4
You block the 27-headed Lernaean hydra's attack.
The 27-headed Lernaean hydra closely misses you.
The 27-headed Lernaean hydra barely misses you.
The 27-headed Lernaean hydra bites you but does no damage.
The 27-headed Lernaean hydra bites you!
* * * LOW HITPOINT WARNING * * *
The 27-headed Lernaean hydra bites you but does no damage. x4
The 27-headed Lernaean hydra barely misses you.
The 27-headed Lernaean hydra bites you!
You die...

#.(.P...8.#≈≈...#≈≈≈≈≈≈≈≈♣
#..≈P#....#.....#≈≈≈≈≈≈≈≈♣ ♣
'.8P†.†.8≈†.≈≈.##≈≈≈≈≈≈.♣♣ ♣
#.≈.#..P≈≈#'#.##≈≈≈≈≈≈≈.♣ ♣♣♣♣♣
.≈8.≈#.†8≈≈≈...#≈.≈≈≈≈≈.♣♣♣♣♣..≈.
.8.†.#≈..8≈8.n.#≈♣≈≈≈..≈♣...≈≈≈..
.....#....†[...D≈♣♣...♣♣♣.≈≈≈≈≈..
#...⌠#⌠...#†≈.3D...≈.≈≈≈.≈≈≈.≈†..
#.#######)#.....@...≈≈.♣≈≈≈.....♣
#.. ⌠...#....#....≈≈.♣§§≈≈.♣♣♣♣
.... #......†[.'.≈≈≈(.≈♣≈≈≈≈≈♣♣≈≈
.8.$...≈≈8.(.8≈#≈≈≈≈...≈≈≈≈§.≈.≈≈
..(..#≈.8...≈.†[≈≈≈≈...♣♣.≈≈.≈.≈≈
#.≈.###...#'####≈≈≈.§♣♣♣♣○≈≈.♣.≈≈
.≈.(.'.. ##...♣♣ ♣♣.°≈..≈≈
.....#. #♣♣♣♣ ♣♣♣≈§≈≈. ..P8≈#.
♣≈≈≈.≈


You could see the 27-headed Lernaean hydra, a five-headed hydra, a bog body and
a friendly smoke demon.

Vanquished Creatures
  Saint Roka (Orc:2)
  Jorgrun (Swamp:3)
  2 thorn hunters (Swamp:3)
  The ghost of Sigibet the Geomancer, a journeyman GrEE of Vehumet (Lair:6)
  A minotaur (Gauntlet)
  The ghost of Lil Muth the Unseen, a journeyman VSAs of Dithmenos (Lair:6)
  A vault guard (D:14)
  Fannar (D:11)
  18 hydras
  A shambling mangrove (Swamp:3)
  A death knight (D:14)
  2 ghost crabs
  A catoblepas (Lair:5)
  A centaur warrior (D:14)
  A two-headed ogre (D:8)
  11 alligators
  A queen ant (Gauntlet)
  2 tengu warriors
  Urug (D:11)
  18 death yaks
  Nergalle (Lair:4)
  4 spriggans
  3 unseen horrors
  A spriggan druid (Swamp:3)
  13 swamp dragons
  Pikel (D:6)
  2 orc knights
  7 orc sorcerers (Orc:2)
  An oklob plant (Lair:1)
  2 cyclopes
  8 elephants
  40 spiny frogs
  6 torpor snails
  4 centaur skeletons
  6 black mambas
  A gargoyle (D:14)
  4 rime drakes
  A kobold demonologist (D:13)
  5 komodo dragons
  A tengu conjurer (D:13)
  3 trolls
  14 tyrant leeches
  2 polar bears
  A jumping spider (Lair:4)
  10 hornets
  34 blink frogs
  14 bog bodies
  5 dream sheep (Lair:6)
  15 slime creatures
  A raiju (Gauntlet)
  Grinder (D:5)
  5 hippogriffs
  Sigmund (D:3)
  A redback (Lair:4)
  2 shadows
  A vampire (D:9)
  68 yaks
  A wyvern (Lair:6)
  21 vampire mosquitoes
  2 basilisks
  Eustachio (D:5)
  A steam dragon (D:9)
  17 swamp worms
  8 insubstantial wisps
  12 wargs
  Menkaure (D:5)
  3 soldier ants
  11 water moccasins
  5 porcupines
  2 ice beasts
  14 swamp drakes
  4 slaves (D:6)
  An eye of draining (D:12)
  3 phantoms
  A black bear (D:5)
  10 orc warriors
  5 sky beasts
  A hornet zombie (D:11)
  6 wolves (Lair:3)
  7 ogres
  23 centaurs
  6 big kobolds
  13 crocodiles
  25 bullfrogs
  6 scorpions
  A wyvern skeleton (D:14)
  4 killer bees (D:7)
  4 wights (D:6)
  2 electric eels (Lair:6)
  11 howler monkeys
  6 crimson imps
  5 jellies
  16 orc priests
  37 orc wizards
  7 hounds
  A bullfrog skeleton (D:12)
  13 worker ants
  2 iguanas
  A lightning spire (Gauntlet)
  A killer bee zombie (D:8)
  A hound zombie (D:7)
  Robin (D:3)
  A howler monkey skeleton (D:7)
  18 adders
  3 shadow imps
  An ooze (D:2)
  An adder skeleton (D:5)
  3 worms
  4 dart slugs
  4 leopard geckos
  107 orcs
  4 giant cockroaches
  16 goblins
  7 hobgoblins
  7 jackals
  5 quokkas
  9 bats
  2 frilled lizards
  20 kobolds
  A leopard gecko skeleton (D:4)
  A quokka skeleton (D:4)
  10 rats
  A briar patch (Swamp:3)
  A bush (Swamp:4)
  2 fungi
  4 plants
911 creatures vanquished.

Vanquished Creatures (collateral kills)
  2 vault guards (D:14)
  An orc sorcerer (Orc:2)
  A tengu conjurer (D:14)
  A blink frog (Lair:6)
  A dream sheep (Lair:6)
  A shadow (Swamp:3)
  2 bullfrogs (Lair:6)
  An orc (Orc:2)
  A plant (Lair:6)
11 creatures vanquished.

Vanquished Creatures (others)
  A centaur (D:13)
  An orc wizard (Orc:2)
  3 orcs
  A quokka (D:8)
  3 bushes (Lair:6)
  18 fungi
  33 plants
  4 toadstools (D:3)
64 creatures vanquished.

Grand Total: 986 creatures vanquished

Notes
Turn   | Place    | Note
-------+----------+-------------------------------------------
     0 | D:1      | FishyPogo the Gargoyle Gladiator began the quest for the
                  | Orb.
     0 | D:1      | Reached XP level 1. HP: 12/12 MP: 1/1
   131 | D:1      | Reached XP level 2. HP: 18/18 MP: 2/2
   229 | D:1      | Reached skill level 1 in Armour
   697 | D:2      | Reached XP level 3. HP: 22/22 MP: 3/3
   787 | D:2      | Reached skill level 3 in Fighting
  1177 | D:2      | Reached XP level 4. HP: 26/28 MP: 4/4
  1469 | D:3      | Reached XP level 5. HP: 10/32 MP: 5/5
  1748 | D:3      | Identified the +1 helmet of the Black Moon {-Cast Int+8
                  | Dex+8}
  1748 | D:3      | Noticed Robin
  1764 | D:3      | Killed Robin
  1779 | D:3      | Reached skill level 4 in Fighting
  1991 | D:3      | Reached XP level 6. HP: 38/38 MP: 6/6
  2011 | D:3      | Noticed Sigmund
  2023 | D:3      | Killed Sigmund
  2275 | D:4      | Reached skill level 5 in Fighting
  2382 | D:4      | Reached XP level 7. HP: 39/44 MP: 7/7
  2600 | D:4      | Reached skill level 5 in Armour
  2962 | D:4      | Learned a level 1 spell: Beastly Appendage
  2975 | D:4      | Reached skill level 6 in Fighting
  3433 | D:5      | Entered Level 5 of the Dungeon
  3440 | D:5      | Found a hazy altar of Hepliaklqana.
  3452 | D:5      | Found Qikk's General Store.
  3461 | D:5      | Bought a scroll of identify for 26 gold pieces
  3470 | D:5      | Found a blossoming altar of Fedhas.
  3471 | D:5      | Noticed Grinder
  3475 | D:5      | Paralysed by Grinder for 5 turns
  3484 | D:5      | Paralysed by Grinder for 5 turns
  3491 | D:5      | Killed Grinder
  3491 | D:5      | Reached skill level 1 in Stealth
  3491 | D:5      | Reached XP level 8. HP: 40/52 MP: 8/8
  3540 | D:5      | Found Niajiehu's Antique Weapon Boutique.
  3553 | D:5      | Bought a dazzling war axe for 195 gold pieces
  3553 | D:5      | Identified the +11 war axe of Piruc {venom, *Slow rElec
                  | Int+2 Dex+2} (You bought it in a shop on level 5 of the
                  | Dungeon)
  3595 | D:5      | Found Yxuguloe's Antique Weapon Shoppe.
  3718 | D:5      | Reached skill level 1 in Axes
  3767 | D:5      | Noticed Menkaure
  3775 | D:5      | Killed Menkaure
  3864 | D:5      | Reached skill level 7 in Fighting
  4017 | D:5      | Found Zixiups's Distillery.
  4051 | D:6      | Found a white marble altar of Elyvilon.
  4071 | D:6      | Reached XP level 9. HP: 48/57 MP: 9/9
  4310 | D:6      | Noticed Pikel
  4316 | D:6      | Killed Pikel
  4316 | D:6      | Reached skill level 8 in Fighting
  4316 | D:6      | Reached skill level 5 in Axes
  4948 | D:7      | Reached XP level 10. HP: 65/65 MP: 10/10
  4983 | D:7      | Found a staircase to the Ecumenical Temple.
  4997 | Temple   | Entered the Ecumenical Temple
  5100 | Temple   | Became a worshipper of Makhleb the Destroyer
  5406 | D:7      | Found Muaxucasho's Jewellery Emporium.
  5615 | D:8      | Reached skill level 9 in Fighting
  5716 | D:8      | Found a white marble altar of Elyvilon.
  5805 | D:8      | Noticed a two-headed ogre
  5816 | D:8      | Killed a two-headed ogre
  5845 | D:8      | Reached * piety under Makhleb
  6163 | D:9      | Found a radiant altar of Vehumet.
  6302 | D:9      | Reached XP level 11. HP: 33/72 MP: 11/11
  6357 | D:9      | Found an iron altar of Okawaru.
  6464 | D:10     | Entered Level 10 of the Dungeon
  6476 | D:10     | Reached skill level 10 in Fighting
  6616 | D:9      | Found a staircase to the Lair.
  6880 | D:11     | Reached ** piety under Makhleb
  7020 | D:10     | Reached skill level 10 in Armour
  7393 | D:10     | Reached *** piety under Makhleb
  7495 | D:10     | Reached skill level 10 in Axes
  7531 | D:10     | Found a staircase to the Orcish Mines.
  7655 | D:11     | Noticed Fannar
  7664 | D:11     | Killed Fannar
  7977 | D:11     | Noticed Urug
  7987 | D:11     | Killed Urug
  8963 | D:12     | Noticed a cyclops
  8966 | D:12     | Reached skill level 11 in Fighting
  8971 | D:12     | Reached skill level 1 in Invocations
  8972 | D:12     | Reached XP level 12. HP: 80/80 MP: 12/12
  8975 | D:12     | Reached **** piety under Makhleb
  9070 | D:12     | Got a colourful robe
  9087 | D:12     | Identified the +1 robe "Billyzimo" {rF+} (You found it on
                  | level 12 of the Dungeon)
  9244 | D:12     | Got an ichor-stained helmet
  9255 | D:12     | Identified the +1 helmet "Pyplumub" {+Fly rElec} (You found
                  | it on level 12 of the Dungeon)
  9396 | D:13     | Noticed a tengu warrior
  9407 | D:13     | Killed a tengu warrior
  9423 | D:13     | Got a smoking plate armour
  9434 | D:13     | Identified the +6 plate armour of Courage {-Cast rElec
                  | rC+++ Stlth-} (You found it on level 13 of the Dungeon)
  9737 | D:13     | You fall into a shaft and drop 2 floors!
  9737 | D:15     | Entered Level 15 of the Dungeon
  9737 | D:15     | Noticed a hell knight
  9770 | D:14     | Found a gate to the Vaults.
  9770 | D:14     | Noticed a vault guard
  9770 | D:14     | Noticed a vault guard
  9770 | D:14     | Noticed a vault guard
  9770 | D:14     | Noticed a centaur warrior
  9770 | D:14     | Noticed a death knight
  9771 | D:14     | Noticed a vault guard
  9789 | D:14     | Killed a centaur warrior
  9799 | D:14     | Killed a vault guard
  9806 | D:14     | Killed a vault guard
  9811 | D:14     | Killed a vault guard
  9821 | D:14     | Noticed a tengu warrior
  9834 | D:14     | Killed a death knight
  9834 | D:14     | Reached skill level 12 in Fighting
  9835 | D:14     | Killed a tengu warrior
  9835 | D:14     | Reached XP level 13. HP: 48/86 MP: 16/16
  9873 | D:14     | Reached skill level 1 in Shields
 10291 | D:7      | Bought an uncursed ring of resist corrosion for 280 gold
                  | pieces
 10379 | Lair:1   | Entered Level 1 of the Lair of Beasts
 10644 | Lair:1   | Got a pair of shimmering boots
 10655 | Lair:1   | Identified the +1 pair of boots of the Wumpus {Int+4} (You
                  | found it on level 1 of the Lair of Beasts)
 10751 | Lair:1   | Found a shimmering altar of Xom.
 10804 | Lair:1   | Reached ***** piety under Makhleb
 10960 | Lair:1   | Found a snail-covered altar of Cheibriados.
 12211 | Lair:3   | Found a gate leading to a gauntlet.
 12235 | Gauntlet | Entered a Gauntlet
 12235 | Gauntlet | Found a transporter.
 12235 | Gauntlet | Found a transporter.
 12254 | Gauntlet | Found a transporter.
 12258 | Gauntlet | Found a transporter.
 12258 | Gauntlet | Found a transporter.
 12284 | Gauntlet | Found a transporter.
 12288 | Gauntlet | Found a transporter.
 12296 | Gauntlet | Found a transporter.
 12312 | Gauntlet | Found a transporter.
 12329 | Gauntlet | Found a transporter.
 12330 | Gauntlet | Found a transporter.
 12342 | Gauntlet | Found a transporter.
 12699 | Gauntlet | Got a pitted cloak
 12710 | Gauntlet | Identified the +2 cloak of the Gusle {Str+2} (You found it
                  | in a Gauntlet)
 12711 | Gauntlet | Identified Zeurhumeny's Disquisition on Boosts and the
                  | Frostbite
 12751 | Gauntlet | Noticed a minotaur
 12788 | Gauntlet | Killed a minotaur
 12854 | Gauntlet | Got a crude amber ring
 12856 | Gauntlet | Identified the ring "Qaunoc" {+Blink +Fly} (You found it in
                  | a Gauntlet)
 13306 | Lair:3   | Found a staircase to the Swamp.
 13641 | Lair:4   | Found a hole to the Spider Nest.
 13726 | Lair:4   | Noticed Nergalle
 13733 | Lair:4   | Killed Nergalle
 13733 | Lair:4   | Reached skill level 13 in Fighting
 13818 | Lair:4   | Gained mutation: Your large and strong wings let you fly
                  | indefinitely. [Gargoyle growth]
 13818 | Lair:4   | Reached XP level 14. HP: 94/94 MP: 17/17
 13878 | Lair:4   | Found a snail-covered altar of Cheibriados.
 14225 | Lair:5   | Found a staircase to the Slime Pits.
 14368 | Lair:5   | Reached ****** piety under Makhleb
 14886 | Lair:6   | Entered Level 6 of the Lair of Beasts
 15046 | Lair:6   | Reached skill level 14 in Fighting
 15174 | Lair:6   | Reached XP level 15. HP: 100/100 MP: 18/18
 15253 | Lair:6   | Reached skill level 15 in Axes
 15367 | Lair:6   | Reached skill level 5 in Maces & Flails
 15831 | Lair:6   | Found a runed translucent gate.
 15865 | Lair:6   | Found a runed translucent gate.
 15865 | Lair:6   | Found a runed translucent gate.
 15865 | Lair:6   | Noticed Lil Muth's ghost (journeyman VSAs)
 15865 | Lair:6   | Noticed Sigibet's ghost (journeyman GrEE)
 16128 | Lair:6   | Killed Lil Muth's ghost
 16133 | Lair:6   | Killed Sigibet's ghost
 16354 | Orc:1    | Entered Level 1 of the Orcish Mines
 16490 | Orc:2    | Entered Level 2 of the Orcish Mines
 16526 | Orc:2    | Found a staircase to the Elven Halls.
 16557 | Orc:2    | Found a roughly hewn altar of Beogh.
 16702 | Orc:2    | Noticed Saint Roka
 16740 | Orc:2    | Killed Saint Roka
 16740 | Orc:2    | Reached skill level 15 in Fighting
 16761 | Orc:2    | Reached XP level 16. HP: 108/108 MP: 19/19
 16827 | Orc:2    | Found Ceamp's Weapon Shoppe.
 16829 | Orc:2    | Found Ceimaj's Assorted Antiques.
 16978 | Orc:2    | Found a roughly hewn altar of Beogh.
 17374 | Orc:2    | Found Paiceo's Antique Armour Shoppe.
 17394 | Orc:2    | Found Goegrok's Food Shop.
 17401 | Orc:2    | Paralysed by an orc sorcerer for 4 turns
 17404 | Orc:2    | Reached skill level 15 in Armour
 17429 | Orc:2    | Bought a pitted buckler for 247 gold pieces
 17439 | Orc:2    | Identified the +1 buckler of Bedevilment {rCorr} (You
                  | bought it in a shop on level 2 of the Orcish Mines)
 17474 | Orc:2    | Bought a distressingly furry helmet for 285 gold pieces
 17474 | Orc:2    | Bought an encrusted bronze ring for 150 gold pieces
 17489 | Orc:2    | Identified the +2 helmet of Catatonia {rElec Regen+} (You
                  | bought it in a shop on level 2 of the Orcish Mines)
 17966 | Swamp:1  | Entered Level 1 of the Swamp
 18458 | Swamp:1  | Found the +0 mask of the Dragon {MR+ Slay+3 SInv}
 18714 | Swamp:2  | Reached skill level 5 in Stealth
 19107 | D:5      | Bought a runed morningstar for 161 gold pieces
 19113 | D:5      | Bought a runed mace for 138 gold pieces
 19148 | D:5      | Bought a glowing mace for 138 gold pieces
 19236 | D:5      | Noticed Eustachio
 19242 | D:5      | Killed Eustachio
 19757 | Swamp:2  | Reached skill level 16 in Fighting
 20169 | Swamp:3  | Noticed Jorgrun
 20205 | Swamp:3  | Killed Jorgrun
 20470 | Swamp:3  | Noticed a thorn hunter
 20485 | Swamp:3  | Killed a thorn hunter
 20636 | Swamp:3  | Noticed a thorn hunter
 20647 | Swamp:3  | Killed a thorn hunter
 20926 | Swamp:4  | Entered Level 4 of the Swamp
 21007 | Swamp:4  | Reached XP level 17. HP: 116/116 MP: 20/20
 21013 | Swamp:4  | Reached skill level 5 in Invocations
 21134 | Swamp:4  | Reached skill level 17 in Fighting
 21299 | Swamp:4  | Noticed the 27-headed Lernaean hydra
 21332 | Swamp:4  | Slain by the 27-headed Lernaean hydra

Levels and vault maps discovered:
D:1:      dpeg_arrival_refuge, layout_loops_ring
D:2:      layout_basic, first_ration
D:3:      layout_rooms, minmay_gold_behind_fungi, minmay_misc_feat_diagonals,
          kennysheep_nondescript, saegor_snake_ambush, uniq_sigmund, uniq_robin
D:4:      layout_layer_cave, minmay_misc_feat_tiny
D:5:      black_bear_nest_2, layout_basic, overflow_temple_1_default,
          kennysheep_mini_moat, serial_shops, shop,
          nicolae_shop_temple_entry_statues_fountains, kennysheep_mini, shop,
          uniq_menkaure, uniq_grinder, uniq_eustachio
D:6:      layout_basic, lemuel_crystal_altar, minmay_misc_feat_hallway,
          lemuel_another_geyser, uniq_pikel
D:7:      layout_loops_ring, minmay_temple_entry_tees, serial_shops,
          kennysheep_little_box
D:8:      minmay_evil_eye, layout_rooms, elyvilon_altar_4
D:9:      layout_big_octagon, vehumet_crystals, dpeg_oklobed_lair, basic_altar,
          hangedman_pestilent_swarm
D:10:     layout_stronghold, orc_0_dummy
D:11:     layout_layer_cave, worms_lemuel, uniq_fannar, uniq_urug
D:12:     layout_rooms
D:13:     layout_cave_pods
D:14:     layout_roguey, lightli_vaults_fourway_checkpoint
D:15:     hangedman_depths_entry_civil_slaughter, layout_long_grid,
          hangedman_decor_opposing, biasface_ghost_orc_armoury
Temple:   hc_temple_tempest_star
Lair:1:   layout_concentric_octagons, basic_altar, lemuel_oklob_altar
Lair:2:   layout_regular_city, minivault_23, cheibrodos_lair_caveside_slide
Lair:3:   layout_long_grid, swamp_mist, gauntlet_entry_generic,
          grunt_megastairs_1
Lair:4:   layout_roguey, spider_nest_entry_funnel_web, kennysheep_snail_temple,
          infiniplex_staircase_pool, uniq_nergalle
Lair:5:   layout_loops_ring, minmay_slime_entry_pillars, nicolae_lair_yak_garden
Lair:6:   minmay_lair_end_frog_pond, layout_regular_city,
          gammafunk_ghost_cemetery, nicolae_quartered_pool_super, st_stairs_9,
          serial_bayou_shore_b
Swamp:1:  layout_basic_swamp, evilmike_swamp_ruin_house_3
Swamp:2:  layout_basic_swamp, evilmike_swamp_ruin_rubble_1
Swamp:3:  layout_basic_swamp, evilmike_swamp_ruin_house_1, swamp_pool5,
          uniq_jorgrun
Swamp:4:  grunt_swamp_rune_castle, layout_basic_swamp
Orc:1:    layout_caves
Orc:2:    st_orc_town, layout_caves, mines2_david, uniq_saint_roka

Skill      XL: |  1  2  3  4  5  6  7  8  9 10 11 12 13 14 15 16 17 |
---------------+----------------------------------------------------+-----
Armour         | 1 2 3 4 6 8 9 10 11 12 13 14 15 16 | 16.0
Throwing       | 2 |  2.0
Fighting       | 3 4 5 6 7 8 9 11 12 13 14 15 16 17 | 17.2
Dodging        | 3 |  3.0
Maces & Flails | 4 6 8 9 |  9.3
Stealth        | 1 2 5 |  5.0
Axes           | 3 6 8 10 12 13 14 15 | 15.6
Invocations    | 1 4 6 |  6.0
Shields        | 4 |  4.0

Action                   |  1- 3 |  4- 6 |  7- 9 | 10-12 | 13-15 | 16-18 || total
-------------------------+-------+-------+-------+-------+-------+-------++-------
Melee: Flail             |    97 |   138 |    78 |       |       |       ||   313
       War axe           |       |       |    87 |   409 |   738 |   443 ||  1677
       Eveningstar       |       |       |       |       |    11 |       ||    11
       Maul              |       |       |       |       |    26 |     7 ||    33
       Mace              |       |       |       |       |       |   117 ||   117
 Fire: Hunting sling     |       |    26 |    72 |       |       |       ||    98
Throw: Stone             |     7 |    60 |    11 |    10 |       |       ||    88
       Dart              |       |       |       |     3 |     4 |       ||     7
       Throwing net      |       |       |       |       |     2 |       ||     2
       Boomerang         |       |       |       |       |       |     5 ||     5
Invok: Minor Destruction |       |       |       |     1 |    22 |     5 ||    28
       Lesser Servant of |       |       |       |     4 |     3 |     2 ||     9
 Abil: Fly               |       |       |       |       |     1 |       ||     1
Evoke: Wand              |       |       |       |       |       |     5 ||     5
  Use: Scroll            |       |       |     2 |     6 |    18 |    16 ||    42
       Potion            |       |       |     3 |     1 |     5 |     3 ||    12
 Stab: Confused          |       |       |       |     4 |       |     1 ||     5
       Distracted        |       |       |       |     2 |     3 |     1 ||     6
       Held in net/web   |       |       |       |       |     3 |       ||     3
       Petrified         |       |       |       |       |     3 |       ||     3
  Eat: Chunk             |     1 |     4 |     8 |    27 |    22 |    12 ||    74
Armor: Leather armour    |     1 |       |       |       |       |       ||     1
       Ring mail         |    55 |    90 |   112 |   145 |       |       ||   402
       Chain mail        |       |       |       |    68 |       |       ||    68
       Plate armour      |       |       |       |    99 |   583 |   683 ||  1365
Dodge: Dodged            |    90 |   120 |   141 |   288 |   337 |   292 ||  1268
Block: Buckler           |       |       |       |       |   166 |   154 ||   320
